 Dungeon Crawl Stone Soup version 0.21-a0-396-ga924934 (webtiles) character file.

727 Mitsuki the Slasher (level 7, -9/62 HPs)
             Began as a Minotaur Gladiator on Oct 19, 2017.
             Mangled by a two-headed ogre
             ... wielding a +0 giant club
              (15 damage)
             ... on level 4 of the Dungeon.
             The game lasted 00:07:19 (3773 turns).

Mitsuki the Slasher (Minotaur Gladiator)            Turns: 3773, Time: 00:07:20

Health: -9/62      AC: 12    Str: 21    XL:     7   Next: 44%
Magic:  8/8        EV:  9    Int:  7    God:
Gold:   193        SH:  0    Dex: 11    Spells: 6/6 levels left

rFire    . . .     SeeInvis .   a - +1 long sword
rCold    . . .     Gourm    .   (no shield)
rNeg     . . .     Faith    .   l - +0 chain mail
rPois    +         Spirit   .   c - +0 hat
rElec    +         Reflect  .   (no cloak)
rCorr    .         Harm     .   (no gloves)
MR       .....     Rnd*Tele +   i - +0 pair of boots
Stlth    ..........             (no amulet)
HPRegen  0.20/turn              n - ring of stealth
MPRegen  0.11/turn              t - ring of teleportation

@: drained
A: retaliatory headbutt, horns 2, talons 1, iridescent scales 1, camouflage 1,
clever 1, poison resistance, electricity resistance
a: no special abilities


You were on level 4 of the Dungeon.
You were not hungry.

You visited 1 branch of the dungeon, and saw 4 of its levels.

You collected 193 gold pieces.

Inventory:

Hand Weapons
 a - a +1 long sword (weapon)
Missiles
 d - 2 throwing nets (quivered)
Armour
 c - a +0 hat (worn)
 i - a +0 pair of boots (worn)
 l - a +0 chain mail (worn)
Magical Staves
 r - an uncursed staff of earth
Jewellery
 n - a ring of stealth (left hand)
 t - a ring of teleportation (right hand)
Wands
 y - a wand of iceblast (13/15)
Scrolls
 e - 2 scrolls of fog
 m - 3 scrolls of remove curse
 o - a scroll of recharging
 q - 2 scrolls of identify
Potions
 b - 4 potions of curing
 g - a potion of brilliance {unknown}
 h - a potion of lignification {unknown}
 j - 3 potions of heal wounds {unknown}
 k - a potion of haste {unknown}
 p - a potion of mutation {unknown}
Comestibles
 f - 2 bread rations
 s - 8 fruits
 z - a royal jelly


   Skills:
 + Level 5.6(5.4) Fighting
 + Level 6.2(6.0) Long Blades
 - Level 2.0(1.8) Throwing
 + Level 4.9(4.7) Armour
 - Level 3.2(3.1) Dodging
 + Level 2.9(2.7) Evocations


You had 6 spell levels left.
You didn't know any spells.

Dungeon Overview and Level Annotations

Branches:
Dungeon (4/15)
 Temple: D:4-7

Altars:
Ashenzari

Annotations:
D:4 Ijyb


Innate Abilities, Weirdness & Mutations

You reflexively headbutt those who attack you in melee.
You have a pair of horns on your head.
You have sharp toenails.
You are partially covered in iridescent scales. (AC +2)
Your skin changes colour to match your surroundings (Stealth+).
Your mind is acute. (Int +2)
Your system is resistant to poisons. (rPois)
You are resistant to electric shocks. (rElec)


Message History

You hear the brisk hiss of a distant avalanche of sand.
The two-headed ogre hits you with a giant club!!
* * * LOW HITPOINT WARNING * * *
The two-headed ogre hits you with a giant club.
* * * LOW HITPOINT WARNING * * *
You take 29 damage, and have 5/62 hp.
MASSIVE DAMAGE!!
Your chain mail prevents you from hitting the two-headed ogre.
You headbutt the two-headed ogre.
The two-headed ogre is severely wounded.
Ijyb grins evilly.
The two-headed ogre closely misses you. You furiously retaliate!
You headbutt the two-headed ogre!
The two-headed ogre hits you but does no damage.
You hit the two-headed ogre but do no damage.
The two-headed ogre is almost dead.
The two-headed ogre barely misses you.
You riposte.
You hit the two-headed ogre.
The two-headed ogre is almost dead.
The two-headed ogre hits you with a giant club!
You die...

###..###########.###...####.#..##
.....................Oog.........
###............#........##..#....
#..#........'.............#..##
###...........###.#...##....#..#
..............# #.#...##.#..#o.#
#.#..#........# #.##.....#..#..#
.#............###.##....##.....#
#............ogO@...............
..#...........######.... ......#
#....######### #...........#
#.#... . #..# #..# #..## # #..<+
###..##


You could see a two-headed ogre, Ijyb and an orc.

Vanquished Creatures
  The ghost of WhatIsLove the Shield-Bearer, an amateur GnFi (D:3)
  An ogre (D:4)
  A sky beast (D:3)
  A howler monkey (D:4)
  A hound (D:4)
  2 orc priests (D:3)
  Natasha (thrice) (D:3)
  An orc wizard (D:3)
  A hound skeleton (D:3)
  7 adders
  An ooze (D:2)
  4 worms
  2 dart slugs
  2 leopard geckos (D:2)
  9 orcs
  3 giant cockroaches
  11 goblins
  12 hobgoblins
  6 jackals
  2 quokkas
  5 bats
  3 frilled lizards
  8 kobolds
  2 quokka skeletons (D:3)
  4 rats
93 creatures vanquished.

Notes
Turn   | Place    | Note
-------+----------+-------------------------------------------
     0 | D:1      | Mitsuki the Minotaur Gladiator began the quest for the Orb.
     0 | D:1      | Reached XP level 1. HP: 18/18 MP: 0/0
    47 | D:1      | Reached skill level 1 in Armour
   159 | D:1      | Reached XP level 2. HP: 25/25 MP: 1/1
   278 | D:1      | Reached skill level 4 in Long Blades
   314 | D:1      | Found a shattered altar of Ashenzari.
   854 | D:2      | Reached XP level 3. HP: 31/31 MP: 2/2
  1183 | D:2      | Reached XP level 4. HP: 36/38 MP: 3/3
  1809 | D:3      | Noticed WhatIsLove's ghost (amateur GnFi)
  2095 | D:3      | Killed WhatIsLove's ghost
  2095 | D:3      | Reached skill level 5 in Long Blades
  2095 | D:3      | Reached skill level 1 in Evocations
  2095 | D:3      | Reached XP level 5. HP: 4/47 MP: 3/5
  2414 | D:3      | Noticed Natasha
  2428 | D:3      | Killed Natasha
  2428 | D:3      | Reached XP level 6. HP: 40/53 MP: 6/6
  2533 | D:3      | Noticed Natasha
  2545 | D:3      | Killed Natasha
  2762 | D:3      | Noticed Natasha
  2766 | D:3      | Killed Natasha
  2944 | D:3      | Noticed a sky beast
  2952 | D:3      | Killed a sky beast
  2952 | D:3      | Reached skill level 5 in Fighting
  2959 | D:3      | Gained mutation: Your skin changes colour to match your surroundings (Stealth+). [mutagenic meat]
  2960 | D:3      | Gained mutation: Your system is resistant to poisons. (rPois) [mutagenic meat]
  2961 | D:3      | Gained mutation: You are partially covered in iridescent scales. (AC +2) [mutagenic meat]
  2962 | D:3      | Gained mutation: Your mind is acute. (Int +2) [mutagenic meat]
  2963 | D:3      | Gained mutation: You are resistant to electric shocks. (rElec) [mutagenic meat]
  2964 | D:3      | Gained mutation: You have sharp toenails. [mutagenic meat]
  3234 | D:3      | Reached XP level 7. HP: 61/61 MP: 7/7
  3409 | D:4      | Reached skill level 6 in Long Blades
  3622 | D:4      | Noticed a two-headed ogre
  3637 | D:4      | Noticed Ijyb
  3773 | D:4      | Mangled by a two-headed ogre

Vault maps used:
D:1:      lightli_arrival_noodles, evilmike_ruin_ashenzari
D:2:      kennysheep_path_1, minmay_misc_feat_columns
D:3:      serial_undead, serial_undead_b, serial_undead_f, serial_undead_b,
          serial_undead_f, serial_undead_a, first_bread, uniq_natasha
D:4:      grunt_temple_overflow_open, nicolae_ossuary_entry_catacombs, uniq_ijyb

Skill      XL: |  1  2  3  4  5  6  7 |
---------------+----------------------+-----
Armour         | 1 2 3 4 |  4.9
Long Blades    | 4 5 6 |  6.2
Fighting       | 3 4 5 |  5.6
Evocations     | 1 2 |  2.9
Throwing       | |  2.0
Dodging        | |  3.2

Action                   |  1- 3 |  4- 6 |  7- 9 || total
-------------------------+-------+-------+-------++-------
Melee: Long sword        |    45 |   122 |    34 ||   201
       Headbutt          |    12 |    29 |     8 ||    49
Throw: Throwing net      |       |       |     1 ||     1
  Use: Scroll            |       |       |     7 ||     7
  Eat: Chunk             |     1 |    12 |     2 ||    15
Armor: Leather armour    |     2 |       |       ||     2
       Chain mail        |    25 |    89 |    17 ||   131
Dodge: Dodged            |    18 |    65 |    22 ||   105
       Rpst.: Long sword |     4 |    18 |     4 ||    26

Table legend:
 A = Spawn XP
 B = Non-spawn XP
 C = Spawn XP percentage of total XP
 D = Spawn monster count
 E = Non-spawn monster count
 F = Spawn count percentage of total count
 G = Total turns spent on level
                    A         B        C        D         E        F      G
               +---------+---------+-------+---------+---------+-------+---------
         Total |       0 |    1039 |   0.0 |       0 |      93 |   0.0 |  3773
               +---------+---------+-------+---------+---------+-------+---------
           D:1 |       0 |      34 |   0.0 |       0 |      18 |   0.0 |   840
           D:2 |       0 |     101 |   0.0 |       0 |      29 |   0.0 |  1506
           D:3 |       0 |     663 |   0.0 |       0 |      40 |   0.0 |  1080
           D:4 |       0 |     241 |   0.0 |       0 |       6 |   0.0 |   347
               +---------+---------+-------+---------+---------+-------+---------
